 Dungeon Crawl Stone Soup version 0.28.0 (webtiles) character file.

Game seed: 445150927356223018

240 iguanaiguana the Caller (level 6, 0/38 HPs)
             Began as a Kobold Summoner on Feb 18, 2022.
             Slain by a wyvern (18 damage)
             ... on level 4 of the Dungeon.
             The game lasted 00:12:22 (4676 turns).

iguanaiguana the Caller (Kobold Summoner)           Turns: 4676, Time: 00:12:22

Health: 0/38       AC:  4    Str:  6    XL:     6   Next: 29%
Magic:  6/9        EV: 14    Int: 18    God:
Gold:   116        SH:  0    Dex: 15    Spells: 3/9 levels left

rFire   . . .      SeeInvis .   n - +1 dagger (venom)
rCold   . . .      Faith    .   (no shield)
rNeg    . . .      Spirit   .   g - +0 leather armour
rPois   .          Reflect  .   o - +0 helmet
rElec   .          Harm     .   (no cloak)
rCorr   .          Rampage  .   (no gloves)
Will    .....                   (no boots)
Stlth   +++.......              c - amulet of regeneration
HPRegen 0.92/turn               (no ring)
MPRegen 0.11/turn               (no ring)

@: no status effects
A: small, no large weapons, nightstalker 3
a: no special abilities


You were on level 4 of the Dungeon.
You visited 1 branch of the dungeon, and saw 4 of its levels.

You collected 116 gold pieces.

Inventory:

Hand Weapons
 j - a +1 trident of flaming
 n - a +1 dagger of venom (weapon)
Missiles
 s - 3 curare-tipped darts
Armour
 a - a +0 robe
 g - a +0 leather armour (worn)
 o - a +0 helmet (worn)
Magical Staves
 e - a staff of conjuration
 r - a staff of air
Jewellery
 c - an amulet of regeneration (around neck)
Wands
 m - a wand of acid (10) {@v1}
Scrolls
 b - a scroll of teleportation {unknown}
 d - a scroll of vulnerability {unknown}
 f - a scroll of amnesia {unknown}
 i - a scroll of enchant armour {unknown}
 k - 3 scrolls of identify {unknown}
 p - a scroll of holy word {unknown}
 q - a scroll of magic mapping {unknown}
 u - a scroll of acquirement {unknown}
Potions
 h - 2 potions of mutation {unknown}
 l - 2 potions of magic {unknown}


   Skills:
 + Level 3.7 Fighting
 + Level 0.0 Short Blades
 + Level 0.0 Armour
 + Level 2.4 Dodging
 + Level 2.6 Stealth
 + Level 2.1 Spellcasting
 * Level 6.1 Summonings
 * Level 0.0 Air Magic


You had 3 spell levels left.
You knew the following spells:

 Your Spells              Type           Power      Damage    Failure   Level
a - Summon Small Mammal   Summ           96%        N/A       2%          1
b - Call Imp              Summ           24%        N/A       3%          2
c - Call Canine Familiar  Summ           24%        N/A       7%          3

Your spell library contained the following spells:

 Spells                   Type           Power      Damage    Failure   Level
 Summon Guardian Golem    Hex/Summ       12%        N/A       24%         3
 Inner Flame              Hex/Fire       1%         N/A       63%         3
 Summon Lightning Spire   Summ/Air       13%        N/A       61%         4
 Cause Fear               Hex            0%         N/A       95%         4
 Discord                  Hex            0%         N/A       100%        8


Dungeon Overview and Level Annotations

Branches:
Dungeon (4/15)
 Temple: D:4-7

Altars:
Kikubaaqudgha

Annotations:
D:4 2 runed translucent doors, exclusion: door, Vadun's ghost, amateur DDFi


Innate Abilities, Weirdness & Mutations

You are small and have problems with some larger weapons.
You are completely attuned to the shadows.


Message History

Found an ancient bone altar of Kikubaaqudgha.
Found 16 stones.
t - a potion of curing {@q1} You see here 16 stones.
You open the door.
Found a runed translucent gate.
There is an open door here.
A jelly comes into view.
Found a leather armour.
A jelly is nearby!
Unknown command.
There is an open door here.
You close the door.
You now have 111 gold pieces (gained 11).
Found a stone staircase leading up.
u - a scroll labelled NUIXEINNIW You pick up a book of Hexes and begin reading...
You add the spells Inner Flame, Cause Fear and Discord to your library.
Okay, then.
You now have 116 gold pieces (gained 5).
There is a stone staircase leading up here.
A hobgoblin comes into view.
The hobgoblin shouts!
You hear an angry hiss.
A hobgoblin is nearby!
Found a fluorescent wand.
A wyvern comes into view.
You see here 9 gold pieces.
You hit the hobgoblin but do no damage.
The hobgoblin is poisoned.
The hobgoblin hits you but does no damage.
You hit the hobgoblin but do no damage.
The hobgoblin looks as sick as possible!
You kill the hobgoblin!
Casting: Call Imp (safe; 3% risk of failure)
Confirm with . or Enter, or press ? or * to list all spells.
The wyvern bites you! x2
* * * LOW HITPOINT WARNING * * *
Okay, then.
Okay, then.
You feel better. The wyvern bites you!!
You die...

#./.... ..... ..h#
##l.# #.@.# #..#.#
#.##.# #.##.#
......## # #..#
.......# #.## #
#..# #.# #.#
###.## #.# .##.#
##...###.####.##.#


You could see a wyvern (ally target) and a friendly hound (summoned).

Vanquished Creatures
  Robin (D:3)
  An adder (D:4)
  An adder skeleton (D:4)
  A dart slug (D:1)
  3 orcs
  2 endoplasms
  2 giant cockroaches
  6 goblins
  9 hobgoblins
  4 kobolds
  2 quokkas
  6 ball pythons
  A frilled lizard (D:2)
  9 rats
48 creatures vanquished.

Vanquished Creatures (collateral kills)
  A scorpion (D:4)
  An orc priest (D:3)
  2 adders (D:2)
  A worm (D:3)
  A dart slug (D:3)
  4 orcs
  7 endoplasms
  2 goblins
  4 hobgoblins
  8 jackals (D:1)
  3 ball pythons
  4 bats
  3 kobolds (D:1)
  4 rats (D:1)
45 creatures vanquished.

Vanquished Creatures (others)
  3 fungi (D:1)
  4 plants (D:3)
7 creatures vanquished.

Grand Total: 100 creatures vanquished

Notes
Turn   | Place    | Note
-------+----------+-------------------------------------------
     0 | D:1      | iguanaiguana the Kobold Summoner began the quest for the
                  | Orb.
     0 | D:1      | Reached XP level 1. HP: 10/10 MP: 3/3
   360 | D:1      | Reached skill level 1 in Fighting
   360 | D:1      | Reached XP level 2. HP: 16/16 MP: 1/5
   363 | D:1      | Learned a level 2 spell: Call Imp
   816 | D:1      | Reached XP level 3. HP: 21/21 MP: 1/6
  1215 | D:1      | Found a faded altar of an unknown god.
  1636 | D:2      | Learned a level 3 spell: Call Canine Familiar
  2203 | D:2      | Reached XP level 4. HP: 27/27 MP: 7/7
  2819 | D:2      | Reached skill level 5 in Summonings
  3466 | D:3      | Noticed Robin
  3472 | D:3      | Reached XP level 5. HP: 20/32 MP: 4/8
  3486 | D:3      | Killed Robin
  4350 | D:4      | Reached skill level 6 in Summonings
  4350 | D:4      | Reached XP level 6. HP: 9/37 MP: 6/9
  4554 | D:4      | Found an ancient bone altar of Kikubaaqudgha.
  4589 | D:4      | Found a runed translucent gate.
  4590 | D:4      | Found a runed translucent gate.
  4590 | D:4      | Noticed Vadun's ghost (amateur DDFi)
  4672 | D:4      | Noticed a wyvern
  4676 | D:4      | Slain by a wyvern

Illustrated notes

Levels and vault maps discovered:
D:1:      denvon_arrival_waterhouse, layout_loops_ring,
          shapermc_ecumenical_altar_hornbeckon, serial_bayou_pond_d, st_stairs_8
D:2:      layout_basic, minmay_misc_feat_five, chequers_jeans, minmay_ruptured
D:3:      layout_basic, grunt_ministairs_4, hangedman_decor_diamond_cutter,
          guppyfry_early_lair_pool, uniq_robin
D:4:      layout_rooms, nicolae_kikubaaqudgha_miasma_corner,
          nicolae_yredelemnul_ghost_church

Skill      XL: |  1  2  3  4  5 |
---------------+----------------+-----
Fighting       | 1 2 3 |  3.7
Summonings     | 5 6 |  6.1
Dodging        | |  2.4
Stealth        | |  2.6
Spellcasting   | |  2.1

Action                   |  1- 3 |  4- 6 || total
-------------------------+-------+-------++-------
Melee: Spear             |    86 |     4 ||    90
       Dagger            |     2 |    66 ||    68
       Trident           |       |    22 ||    22
 Cast: Summon Small Mamm |    27 |    17 ||    44
       Call Imp          |     9 |    18 ||    27
       Call Canine Famil |       |     1 ||     1
  Use: Potion            |       |     2 ||     2
 Stab: Sleeping          |    18 |    11 ||    29
       Distracted        |       |     1 ||     1
Armor: Robe              |    12 |       ||    12
       Leather armour    |     1 |    17 ||    18
Dodge: Dodged            |    77 |    81 ||   158
